 Dungeon Crawl Stone Soup version 0.31-a0-1029-ge8c24b2130 (webtiles) character file.

Game seed: 13097165520491843389

1050 senseless the Changeling (level 8, 0/64 (67) HPs)
             Began as a Pale Draconian Shapeshifter on Nov 18, 2023.
             Was an Initiate of the Shining One.
             Slain by a wight
             ... wielding a +5 battleaxe
              (12 damage)
             ... on level 6 of the Dungeon on Nov 20, 2023.
             The game lasted 00:10:47 (4485 turns).

senseless the Changeling (DrSh)                     Turns: 4485, Time: 00:10:47

HP:   0/64 (67)     AC: 10    Str: 17    XL:     8   Next: 5%
MP:   8/8           EV: 13    Int: 10    God:    the Shining One [......]
Gold: 333           SH:  5    Dex: 13    Spells: 7/7 levels left

rFire   . .          .
                       - Unarmed
rCold   . . .        (no shield)
rNeg    . . .        (body armour unavailable)
rPois   .            (helmet currently unavailable)
rElec   .            (cloak currently unavailable)
rCorr   .            (gloves currently unavailable)
SInv    .            (boots currently unavailable)
Will    .....        e - amulet of reflection
Stlth   +            s - +4 ring of protection
HPRegen 0.30/turn    (no ring)
MPRegen 0.11/turn

%: reflection
@: beast-form, glowing, lightly drained
A: beast (slay +3), breathe steam, AC +6, unfitting armour, cold-blooded, steam
resistance
a: Breathe Steam, Begin Untransformation, Renounce Religion


You were on level 6 of the Dungeon.
You worshipped the Shining One.
The Shining One was noncommittal.
You were a hulking beast.
You visited 2 branches of the dungeon, and saw 7 of its levels.

You collected 333 gold pieces.

Inventory:

Hand Weapons
 l - a +2 dagger of speed
 p - a +3 mace
Missiles
 r - 2 throwing nets
Armour
 v - a +0 pair of boots
Jewellery
 e - an amulet of reflection (around neck)
 s - a +4 ring of protection (left hand)
 t - an amulet of the acrobat
 z - an amulet of magic regeneration
Talismans
 b - a beast talisman
 c - a flux talisman
Scrolls
 d - 5 scrolls of identify {unknown}
 f - 2 scrolls of fear {unknown}
 g - a scroll of fog {unknown}
 m - 2 scrolls of revelation {unknown}
 n - 2 scrolls of teleportation {unknown}
 o - 4 scrolls of poison {unknown}
 w - a scroll of enchant weapon {unknown}
 y - a scroll of blinking {unknown}
 A - a scroll of torment {unknown}
Potions
 a - a potion of lignification
 h - 2 potions of brilliance {unknown}
 i - a potion of resistance {unknown}
 j - a potion of magic {unknown}
 k - a potion of enlightenment {unknown}
 q - a potion of cancellation {unknown}
 u - 2 potions of curing {unknown}
 x - a potion of mutation {unknown}


   Skills:
 + Level 4.5 Fighting
 + Level 4.1 Dodging
 + Level 5.1 Unarmed Combat
 * Level 6.2 Shapeshifting


You had 7 spell levels left.
You didn't know any spells.
Your spell library contained the following spells:

 Spells                   Type           Power      Damage    Failure   Level
 Apportation              Tloc           0%         N/A       36%         1
 Necrotise                Necr           0%         1d4       36%         1
 Summon Small Mammal      Summ           0%         N/A       36%         1
 Alistair's Intoxication  Tmut/Pois      0%         N/A       100%        5
 Borgnjor's Vile Clutch   Necr/Erth      0%         N/A       100%        5
 Eringya's Noxious Bog    Tmut/Pois      0%         4d6       100%        6
 Malign Gateway           Summ/Tloc      0%         N/A       100%        7
 Summon Horrible Things   Summ           0%         N/A       100%        8


Dungeon Overview and Level Annotations

Branches:
Dungeon (6/15)             Temple (1/1) D:5

Altars:
Elyvilon
Fedhas
Gozag
Hepliaklqana
Kikubaaqudgha
Makhleb
Nemelex Xobeh
Qazlal
Ru
Sif Muna
Trog
Vehumet
Wu Jian
Xom
Yredelemnul
The Shining One


Innate Abilities, Weirdness & Mutations

You are a hulking beast.
Your limbs bulge with bestial killing power. (Slay +3)
You can breathe blasts of scalding, opaque steam.
Your pale cyan-grey scales are hard. (AC +6)
You cannot fit into any form of body armour.
You are cold-blooded and may be slowed by cold attacks.
You are immune to the effects of steam.


Message History

You have reached level 8!
You feel agile.
You hit the wight. You punch the wight!
The wight is almost destroyed.
The wight hits you with a +3 battleaxe of freezing!
You feel drained.
You feel yourself slow down. The wight freezes you.
The wight barely misses you.
You are too injured to fight recklessly!
You are too injured to fight recklessly!
You are too injured to fight recklessly!
You are too injured to fight recklessly!
You are too injured to fight recklessly!
You are too injured to fight recklessly!
You are too injured to fight recklessly!
You are too injured to fight recklessly!
You are too injured to fight recklessly!
You are too injured to fight recklessly!
You are too injured to fight recklessly!
You are too injured to fight recklessly!
You are too injured to fight recklessly!
You are too injured to fight recklessly!
You are too injured to fight recklessly!
You are too injured to fight recklessly!
You hit the wight.
You destroy the wight!
The Shining One accepts your kill. The wight barely misses you.
Your life force feels restored.
You hit the wight. You punch the wight, but do no damage.
The wight is lightly damaged.
You feel yourself speed up. The wight hits you with a +5 battleaxe!
* * * LOW HITPOINT WARNING * * *
You feel drained.
* * * LOW HITPOINT WARNING * * *
You block the wight's attack.
You punch the wight!
The wight is almost destroyed.
The wight hits you with a +5 battleaxe!
You die...

##### ...#### # #....
####..... #.#....
#.......# #.#....
#.......# #......
#.......# ###....
#.......########....
###..)....##..........
+...zh....##.####.#'##
##.#)##'####.# #.#.#
#.##.####.####.#.##
#.#............#.#.
#.##....#)######.#. #.
#.##.#.......... #.
#..#.########### #.
##.#.........
#.##########


You could see a wight.

Vanquished Creatures
  Menkaure (D:5)
  A kobold brigand (D:5)
  A bullfrog (D:5)
  A scorpion (D:4)
  5 wights
  A hound (D:4)
  2 orc priests (D:5)
  2 iguanas
  A jelly (D:5)
  An orc wizard (D:4)
  Terence (D:2)
  8 gnolls
  5 adders
  A white imp (D:5)
  3 worms
  2 dart slugs
  20 orcs
  6 bats
  10 endoplasms
  3 giant cockroaches
  7 goblins
  7 hobgoblins
  7 jackals
  3 quokkas
  4 ball pythons (D:1)
  4 frilled lizards
  8 kobolds
  4 rats (D:2)
119 creatures vanquished.

Notes
Turn   | Place    | Note
-------+----------+-------------------------------------------
     0 | D:1      | senseless the Draconian Shapeshifter began the quest for
                  | the Orb.
     0 | D:1      | Reached XP level 1. HP: 16/16 MP: 1/1
   312 | D:1      | Reached XP level 2. HP: 22/23 MP: 2/2
  1002 | D:2      | Reached XP level 3. HP: 29/29 MP: 3/3
  1525 | D:2      | Noticed Terence
  1541 | D:2      | Killed Terence
  1542 | D:2      | Reached XP level 4. HP: 36/36 MP: 4/4
  2020 | D:3      | Reached skill level 4 in Shapeshifting
  2092 | D:3      | Reached XP level 5. HP: 35/42 MP: 5/5
  2222 | D:3      | Found a shimmering blue altar of Sif Muna.
  2687 | D:4      | Reached XP level 6. HP: 51/51 MP: 6/6
  2957 | D:5      | Entered Level 5 of the Dungeon
  3023 | D:5      | Reached skill level 5 in Shapeshifting
  3229 | D:5      | Your scales start taking on a pale cyan-grey colour.
  3229 | D:5      | Reached XP level 7. HP: 48/57 MP: 7/7
  3229 | D:5      | Gained mutation: You are immune to the effects of steam.
                  | [Pale Draconian growth]
  3581 | D:5      | Found a staircase to the Ecumenical Temple.
  3590 | Temple   | Entered the Ecumenical Temple
  3643 | Temple   | Became a worshipper of the Shining One
  3692 | D:5      | Found a bloodstained altar of Trog.
  3855 | D:5      | Noticed Menkaure
  3864 | D:5      | Killed Menkaure
  4181 | D:5      | Reached skill level 6 in Shapeshifting
  4186 | D:5      | Reached skill level 5 in Unarmed Combat
  4482 | D:6      | Reached XP level 8. HP: 45/67 MP: 8/8
  4485 | D:6      | Slain by a wight

Illustrated notes

Levels and vault maps discovered:
D:1:      mrwooster_arrival_statue, layout_basic, nicolae_houndstooth_variations
D:2:      layout_basic, kennysheep_generic_room_6, uniq_terence
D:3:      layout_basic, mainiacjoe_overflow_boulevard
D:4:      layout_rooms
D:5:      layout_loops_corners, bloody_trog, lemuel_temple_firewalk_b,
          uniq_menkaure
D:6:      cheibrodos_iron_armory, layout_basic, slow_altar_2,
          nicolae_shop_i_like_small_books_too
Temple:   eino_temple_water

Skill      XL: |  1  2  3  4  5  6  7 |
---------------+----------------------+-----
Dodging        | 2 3 4 |  4.1
Fighting       | 2 3 4 |  4.5
Shapeshifting  | 4 5 6 |  6.2
Unarmed Combat | 4 5 |  5.1

Action                     |  1- 3 |  4- 6 |  7- 9 || total
---------------------------+-------+-------+-------++-------
  Melee: Unarmed           |   108 |   167 |    83 ||   358
         Tailslap          |    11 |    34 |    13 ||    58
         Punch             |     1 |     3 |     4 ||     8
Ability: Breathe Steam     |       |       |     6 ||     6
    Use: Potion            |     1 |       |       ||     1
   Stab: Sleeping          |     5 |       |       ||     5
 Armour: Skin              |    56 |    74 |    37 ||   167
  Dodge: Dodged            |    63 |    76 |    38 ||   177
  Block: Other             |    23 |    27 |    15 ||    65

Table legend: (Time is in decaauts)
 A = Elapsed time spent in this place.
 B = Non-inter-level travel time spent in this place.
 C = Inter-level travel time spent in this place.
 D = Time resting spent in this place.
 E = Time spent auto-exploring this place.
 F = Levels seen in this place.
 G = Mean time per level.
                   A        B        C        D        E       F      G
               +--------+--------+--------+--------+--------+-----+--------+
         Total |   4470 |   4257 |    213 |     86 |   3413 |   7 |  638.6 |
       Dungeon |   4398 |   4255 |    143 |     86 |   3413 |   6 |  733.0 |
        Temple |     72 |      2 |     70 |      0 |      0 |   1 |   72.0 |
               +--------+--------+--------+--------+--------+-----+--------+

Top non-repeatable levels by time:
     D:5: 1381 daAuts
     D:1: 967 daAuts
     D:2: 810 daAuts
     D:3: 603 daAuts
     D:4: 565 daAuts
  Temple: 72 daAuts
     D:6: 69 daAuts
